 Dungeon Crawl Stone Soup version 0.32-a0-913-g739538afd8 (webtiles) character file.

Game seed: 13493870665977348795

8266 Dittersdorf the Blocker (level 11, -9/64 HPs)
             Began as a Gargoyle Fighter on Apr 8, 2024.
             Was an Initiate of Gozag.
             Mangled by a yak (11 damage)
             ... on level 9 of the Dungeon.
             The game lasted 00:12:24 (10734 turns).

Dittersdorf the Blocker (Gargoyle Fighter)         Turns: 10734, Time: 00:12:25

Health: -9/64      AC: 29    Str: 34    XL:     11   Next: 28%
Magic:  0/11       EV:  7    Int: 10    God:    Gozag
Gold:   975        SH:  5    Dex:  9    Spells: 10/10 levels left

rFire   . . .        v - +2 whip "Paost" {flame, Str+5}
rCold   . . .        c - +0 buckler
rNeg    + . .        z - +0 plate armour
rPois   ∞            t - +0 helmet
rElec   +            B - +0 cloak {rCorr}
rCorr   +            (no gloves)
SInv    .            (no boots)
Will    .....        y - amulet of guardian spirit Stlth
                     g - +4 ring of protection
HPRegen 0.30/turn    w - +6 ring of strength
MPRegen 0.12/turn

%: guardian spirit
@: no status effects
A: sickness immunity, AC +8, negative energy resistance 1, electricity
resistance, torment resistance 1, petrification resistance, frail 1, inability
to drink after injury 1
a: Renounce Religion, Potion Petition, Call Merchant, Bribe Branch


You were on level 9 of the Dungeon.
You worshipped Gozag.
Gozag was pleased with you.
You visited 1 branch of the dungeon, and saw 10 of its levels.

You collected 1088 gold pieces.
You paid 113 gold pieces to Gozag.

Inventory:

Hand Weapons
 f - a +1 heavy flail
 v - the +2 whip "Paost" (weapon) {flame, Str+5}
   (You found it on level 6 of the Dungeon)

   Str+5:     It affects your strength (+5).
Armour
 c - a +0 buckler (worn)
 t - a +0 helmet (worn)
 z - a +0 plate armour (worn)
 B - a +0 cloak of preservation (worn)
Jewellery
 g - a +4 ring of protection (left hand)
 w - a +6 ring of strength (right hand)
 y - an amulet of guardian spirit (around neck)
Wands
 r - a wand of flame (54) (quivered)
 A - a wand of light (2)
Scrolls
 a - 3 scrolls of blinking
 i - 5 scrolls of fear
 j - 2 scrolls of teleportation
 n - 2 scrolls of enchant weapon
 C - a scroll of silence
Potions
 k - a potion of brilliance
 l - a potion of haste {unknown}
 m - 2 potions of magic {unknown}
 o - 2 potions of enlightenment {unknown}
 p - 3 potions of mutation
 q - a potion of heal wounds
 s - a potion of degeneration {unknown}
 u - 2 potions of lignification {unknown}
 x - a potion of invisibility


   Skills:
 + Level 10.0 Fighting
 + Level 9.0 Maces & Flails
 + Level 10.0 Armour
 + Level 10.1 Shields


You had 10 spell levels left.
You didn't know any spells.
Your spell library contained the following spells:

 Spells                   Type           Power      Damage    Failure   Level
 Shock                    Conj/Air       0%         1d3       94%         1
 Summon Small Mammal      Summ           0%         N/A       94%         1
 Ensorcelled Hibernation  Hex/Ice        0%         N/A       98%         2
 Fugue of the Fallen      Necr           0%         N/A       100%        3
 Ozocubu's Armour         Ice            0%         N/A       100%        3
 Passwall                 Erth           0%         N/A       100%        3
 Swiftness                Air            0%         N/A       100%        3
 Airstrike                Air            0%         2d(0-16)  100%        4
 Passage of Golubria      Tloc           0%         N/A       100%        4
 Silence                  Hex/Air        0%         N/A       100%        5
 Manifold Assault         Tloc           0%         N/A       100%        7
 Lehudib's Crystal Spear  Conj/Erth      0%         10d2      100%        8


Dungeon Overview and Level Annotations

Branches:
Dungeon (10/15)            Temple (0/1) D:7            Lair (0/5) D:8
    Orc: D:9-12

Altars:
Ashenzari
Elyvilon
Fedhas
Gozag
Kikubaaqudgha
Nemelex Xobeh
Sif Muna
Uskayaw
Vehumet

Shops:
D:1 *   D:7 [

Annotations:
D:3 3 runed translucent doors, pokeman's ghost, weakling DEHW
D:6 1 runed translucent door, Pokonic1's ghost, novice DsNe
D:10 Maggie


Innate Abilities, Weirdness & Mutations

You are immune to sickness and miasma.
Your stone body is resilient. (AC +8)
You are immune to poison.
You resist negative energy. (rN+)
You are resistant to electric shocks. (rElec)
You are resistant to unholy torment.
You are immune to petrification.
You are frail. (-10% HP)
You occasionally lose the ability to drink potions when taking damage.


Message History

You hit the boulder beetle but do no damage.
You hit the boulder beetle but do no damage.
You block the yak's attack. The yak closely misses you.
The yak gores you but does no damage. The boulder beetle bites you.
* * * LOW HITPOINT WARNING * * *
The yak gores you but does no damage. The yak barely misses you.
The yak closely misses you.
You hit the boulder beetle. You burn the boulder beetle.
The boulder beetle is lightly wounded.
The yak gores you.
* * * LOW HITPOINT WARNING * * *
The yak gores you but does no damage. x2
The boulder beetle bites you but does no damage.
The yak closely misses you.
The yak gores you but does no damage. x2
You barely miss the boulder beetle.
The boulder beetle is lightly wounded.
The yak gores you but does no damage.
You hit the boulder beetle but do no damage.
The boulder beetle is lightly wounded.
The yak closely misses you. You block the yak's attack.
The boulder beetle bites you but does no damage.
The yak gores you but does no damage. x2; You block the yak's attack.
You hit the boulder beetle. You burn the boulder beetle.
The boulder beetle is lightly wounded.
The yak gores you but does no damage. You block the yak's attack.
The yak gores you!
* * * LOW HITPOINT WARNING * * *
The boulder beetle barely misses you. You block the yak's attack.
The yak gores you but does no damage. The yak gores you.
* * * LOW HITPOINT WARNING * * *
You hit the boulder beetle. You burn the boulder beetle.
The boulder beetle is lightly wounded.
The yak gores you.
* * * LOW HITPOINT WARNING * * *
You hit the boulder beetle but do no damage.
The boulder beetle is lightly wounded.
You block the yak's attack. The yak gores you but does no damage.
The boulder beetle barely misses you. The yak gores you!
You die...
Your body crumbles into a pile of gold.

............#.....#
............#.....# #########
............#.....# ##........
...........##....#######..#######
...........##....##......########
........................###......
........................#........
...............YYB(...........###
#######........Y@Y........##..###
##........YY##.....####..##.
#...........##...)###....##.
#.................##....###.
#...>.##....##...##...#####.
##....########...##..###....
##..........#...##...##.....
#...........'...##..##).....
#...........##..##..##...ßß.


You could see a boulder beetle and 6 yaks.

Vanquished Creatures
  Gastronok (D:9)
  Maurice (D:8)
  An orange demon (D:9)
  A hellwing (D:9)
  A troll (D:9)
  A hornet (D:8)
  Sigmund (D:1)
  A wyvern (D:7)
  5 humans (D:5)
  Eustachio (D:4)
  2 neqoxecs (D:9)
  Menkaure (D:5)
  Edmund (D:4)
  5 water moccasins
  4 orc warriors
  A sky beast (D:7)
  4 black bears
  2 ice beasts
  6 centaurs
  An ogre (D:5)
  A phantom (D:5)
  4 kobold brigands
  7 bullfrogs
  A scorpion (D:7)
  14 killer bees
  A hound (D:6)
  2 jellies (D:6)
  Crazy Yiuf (D:2)
  5 orc priests
  Ijyb (D:4)
  2 sleepcaps
  Jessica (D:2)
  Terence (D:2)
  4 iguanas
  An orc wizard (D:5)
  Robin (D:2)
  4 gnolls (D:4)
  7 adders
  A shadow imp (D:6)
  A white imp (D:7)
  4 ufetubi (D:6)
  4 dart slugs
  A ribbon worm (D:3)
  16 orcs
  4 bats
  8 endoplasms
  5 giant cockroaches
  15 goblins
  18 hobgoblins
  8 jackals
  5 quokkas
  4 ball pythons
  5 frilled lizards
  21 kobolds
  A rat (D:1)
220 creatures vanquished.

Notes
Turn   | Place    | Note
-------+----------+-------------------------------------------
     0 | D:1      | Dittersdorf the Gargoyle Fighter began the quest for the
                  | Orb.
     0 | D:1      | Reached XP level 1. HP: 14/14 MP: 1/1
   152 | D:1      | Found Uhywil's Assorted Antiques.
   204 | D:1      | Reached XP level 2. HP: 19/19 MP: 2/2
   550 | D:1      | Reached XP level 3. HP: 23/23 MP: 3/3
   707 | D:2      | Noticed Terence
   720 | D:2      | Killed Terence
   721 | D:2      | Reached XP level 4. HP: 18/29 MP: 4/4
  1067 | D:2      | Noticed Jessica
  1083 | D:2      | Killed Jessica
  1229 | D:2      | Reached XP level 5. HP: 33/33 MP: 5/5
  1308 | D:2      | Noticed Robin
  1309 | D:2      | Noticed Sigmund
  1314 | D:2      | Killed Robin
  1477 | D:1      | Killed Sigmund
  1478 | D:1      | Reached XP level 6. HP: 22/39 MP: 6/6
  1821 | D:2      | Found a runed translucent door.
  1822 | D:2      | Noticed Crazy Yiuf
  1891 | D:2      | Killed Crazy Yiuf
  3351 | D:3      | Found a runed translucent gate.
  3351 | D:3      | Found a runed translucent gate.
  3352 | D:3      | Found a runed translucent gate.
  3354 | D:3      | Noticed pokeman's ghost (weakling DEHW)
  4174 | D:4      | Reached skill level 5 in Shields
  4191 | D:4      | Noticed Edmund
  4212 | D:4      | Killed Edmund
  4213 | D:4      | Reached skill level 5 in Fighting
  4213 | D:4      | Reached skill level 5 in Armour
  4213 | D:4      | Reached XP level 7. HP: 6/44 MP: 7/7
  4491 | D:4      | Noticed Ijyb
  4506 | D:4      | Killed Ijyb
  4761 | D:4      | Found a shimmering blue altar of Sif Muna.
  4761 | D:4      | Found an ancient bone altar of Kikubaaqudgha.
  4763 | D:4      | Found a radiant altar of Vehumet.
  4768 | D:4      | Got Sif Muna's Encyclopedia of the Gathering
  4873 | D:4      | Noticed Eustachio
  4895 | D:4      | Killed Eustachio
  5057 | D:5      | Entered Level 5 of the Dungeon
  5182 | D:5      | Reached XP level 8. HP: 44/51 MP: 8/8
  5424 | D:5      | Reached skill level 5 in Maces & Flails
  5719 | D:5      | Found a blossoming altar of Fedhas.
  6079 | D:5      | Noticed Menkaure
  6084 | D:5      | Killed Menkaure
  6183 | D:6      | Identified the +4 spear of Classification {speed, *Noise
                  | rF+++ Will+++ Str-4}
  6184 | D:6      | Found a runed translucent door.
  6184 | D:6      | Noticed Pokonic1's ghost (novice DsNe)
  6357 | D:5      | Reached XP level 9. HP: 54/56 MP: 9/9
  6757 | D:6      | Identified the +2 whip "Paost" {flame, Str+5}
  7562 | D:7      | Found an opulent altar of Gozag.
  7568 | D:7      | Became a worshipper of Gozag Ym Sagoz the Greedy
  7706 | D:7      | Reached XP level 10. HP: 59/64 MP: 8/10
  7773 | D:7      | Found Selomeo's Antique Armour Shop.
  7847 | D:7      | Found a staircase to the Ecumenical Temple.
  8389 | D:8      | Found a staircase to the Lair.
  8530 | D:8      | Noticed Maurice
  8591 | D:8      | Maurice stole 111 gold
  8592 | D:8      | Maurice stole 405 gold
  8834 | D:8      | Maurice stole 19 gold
  8888 | D:8      | Killed Maurice
  9856 | D:9      | Gained mutation: You occasionally lose the ability to drink
                  | potions when taking damage. [a neqoxec]
  9856 | D:9      | Gained mutation: You are frail. (-10% HP) [a neqoxec]
  9857 | D:9      | Noticed an orange demon
  9868 | D:9      | Killed an orange demon
  9896 | D:9      | Reached XP level 11. HP: 60/64 MP: 9/11
 10121 | D:9      | Identified the +0 cloak of Benevolence {Int+2}
 10121 | D:9      | Noticed Gastronok
 10155 | D:9      | Killed Gastronok
 10156 | D:9      | Reached skill level 10 in Fighting
 10156 | D:9      | Reached skill level 10 in Shields
 10369 | D:9      | Reached skill level 10 in Armour
 10438 | D:9      | Found a broken altar of Ashenzari.
 10438 | D:9      | Found a hide-covered altar of Uskayaw.
 10486 | D:9      | Found a white marble altar of Elyvilon.
 10531 | D:10     | Entered Level 10 of the Dungeon
 10531 | D:10     | Noticed Maggie
 10531 | D:10     | Noticed a two-headed ogre
 10531 | D:10     | Found a sparkling altar of Nemelex Xobeh.
 10567 | D:10     | Noticed a boulder beetle
 10733 | D:9      | HP: 1/64 [yak (3)]
 10734 | D:9      | Mangled by a yak

Illustrated notes

Levels and vault maps discovered:
D:1:      hellmonk_arrival_library, layout_basic, serial_shops, shop
D:2:      layout_basic, uniq_sigmund, uniq_terence, uniq_robin,
          uniq_crazy_yiuf_cottage, uniq_jessica
D:3:      layout_basic, gammafunk_ghost_necromancy, amethyst_killhole
D:4:      layout_loops_ring, grunt_temple_overflow_magic_moments,
          nicolae_kite_square_tiling_tiny, st_stairs_10, uniq_eustachio,
          uniq_edmund, uniq_ijyb
D:5:      layout_cave_pods, lemuel_tele_altar, serial_column_ruins,
          column_ruins_grid_1, column_ruins_grid_1, column_ruins_open_medium,
          column_ruins_columns_T, column_ruins_open_small,
          column_ruins_open_tiny, uniq_menkaure
D:6:      layout_rooms, hellmonk_ghost_happy_afterlife, st_stairs_1,
          minmay_ruffians
D:7:      layout_basic, grunt_gozag_breadcrumbs, minmay_temple_entry_hall,
          serial_shops, nicolae_shop_waterfront
D:8:      layout_basic, due_lair_maze_entry_diamond, mrwooster_statue_mirror,
          hangedman_decor_lopped, uniq_maurice
D:9:      layout_gridville, gammafunk_temple_overflow_claw,
          nicolae_neqoxec_dot_bat, uniq_gastronok
D:10:     layout_cross, mainiacjoe_overflow_boulevard, lightli_orcish_oven,
          uniq_maggie

Skill      XL: |  1  2  3  4  5  6  7  8  9 10 11 |
---------------+----------------------------------+-----
Shields        | 4 5 7 8 9 10 | 10.1
Armour         | 4 5 6 8 9 10 | 10.0
Fighting       | 4 5 6 8 9 10 | 10.0
Maces & Flails | 3 4 5 7 8 9 |  9.0

Action                     |  1- 3 |  4- 6 |  7- 9 | 10-12 || total
---------------------------+-------+-------+-------+-------++-------
  Melee: Flail             |    86 |   195 |   149 |       ||   430
         Whip              |       |       |   127 |   447 ||   574
         Unarmed           |       |       |    11 |       ||    11
  Evoke: Wand              |       |     4 |       |    15 ||    19
    Use: Scroll            |       |    11 |     3 |     4 ||    18
         Potion            |       |       |       |     9 ||     9
   Stab: Invisible         |       |       |       |     1 ||     1
         Distracted        |       |       |       |     2 ||     2
 Armour: Scale mail        |    67 |     8 |       |       ||    75
         Chain mail        |       |   190 |   422 |       ||   612
         Plate armour      |       |       |    32 |   383 ||   415
         Skin              |       |       |    12 |       ||    12
  Dodge: Dodged            |    60 |    87 |   224 |   126 ||   497
  Block: Buckler           |    17 |    43 |   134 |   121 ||   315

Table legend: (Time is in decaauts)
 A = Elapsed time spent in this place.
 B = Non-inter-level travel time spent in this place.
 C = Inter-level travel time spent in this place.
 D = Time resting spent in this place.
 E = Time spent auto-exploring this place.
 F = Levels seen in this place.
 G = Mean time per level.
                   A        B        C        D        E       F      G
               +--------+--------+--------+--------+--------+-----+--------+
         Total |  10841 |  10425 |    416 |   1868 |   6272 |  10 | 1084.1 |
       Dungeon |  10841 |  10425 |    416 |   1868 |   6272 |  10 | 1084.1 |
               +--------+--------+--------+--------+--------+-----+--------+

Top non-repeatable levels by time:
     D:2: 2210 daAuts
     D:5: 1858 daAuts
     D:8: 1312 daAuts
     D:4: 1157 daAuts
     D:9: 990 daAuts
     D:1: 935 daAuts
     D:3: 919 daAuts
     D:7: 812 daAuts
     D:6: 601 daAuts
    D:10: 42 daAuts
